AoeStats
← [RAT] G0rm

Lombardia

509104870Analyzed
3v3 RM · 7d ago on Sep 25, 2026· 45m 6s· 6 players
Game mode
Random Map
Map size
Normal (6 player)
Population
200
Speed
Normal
Resources
Standard
Victory
Conquest
Starting age
Dark Age
Ending age
Imperial Age
RankedLock teamsTeams togetherTeam positionsShared explorationLock speedFull tech treeHidden civsTurbo modeCheats
Victory
Defeat
🇺🇸 Saxons · United States
1659
+8
🇷🇴 Japanese · Romania
1519
+12
🇳🇱 Danes · Netherlands
1514
+12
🇦🇷 Varangians · Argentina
1515
-13
🇭🇰 Teutons · Hong Kong SAR China
1422
-10
🇺🇸 Danes · United States
1395
-9
Polestar
10:49 Feudal Age
10:21 Loom
16:17 Castle Age
14:12 Double-Bit Axe
14:10 Horse Collar
20:22 Arson
20:51 Forging
21:07 Squires
25:42 Bow Saw
27:40 Gold Mining
28:30 Wheelbarrow
32:42 Imperial Age
31:05 Gold Shaft Mining
30:41 Scale Mail Armor
32:23 Iron Casting
32:03 Chain Mail Armor
31:12 Hamask
32:58 Elite Jomsviking
35:20 Blast Furnace
34:51 Plate Mail Armor
36:31 Fletching
38:15 Plate Mail Armor
Game project 0001
7:27 Loom
9:59 Feudal Age
10:30 Double-Bit Axe
10:26 Horse Collar
10:59 Horse Collar
16:39 Wheelbarrow
21:21 Castle Age
19:13 Gold Mining
20:33 Stone Mining
23:02 Bow Saw
24:50 Bow Saw
30:06 Imperial Age
29:07 Scale Barding Armor
29:32 Forging
29:36 Bloodlines
30:11 Chain Barding Armor
30:13 Cavalier
31:32 Plate Barding Armor
31:44 Paladin
33:21 Forging
37:24 Hand Cart
36:54 Town Watch
39:51 Chemistry
40:00 Fervor
43:48 Crenellations
SP
9:16 Feudal Age
8:10 Loom
13:58 Castle Age
12:17 Double-Bit Axe
14:07 Horse Collar
15:13 Heavy Plow
21:42 Bow Saw
22:47 Fervor
24:34 Wheelbarrow
26:38 Hand Cart
26:48 Gold Mining
26:49 Stone Mining
30:54 Imperial Age
28:06 Treadmill Crane
28:58 Scale Barding Armor
29:33 Forging
30:46 Chain Barding Armor
30:37 Caravan
31:51 Iron Casting
31:28 Bloodlines
31:18 Husbandry
31:27 Herbal Medicine
31:37 Husbandry
32:18 Conscription
32:34 Plate Barding Armor
33:47 Blast Furnace
34:11 Chemistry
33:32 Ballistics
33:23 Fortified Wall
34:40 Two-Man Saw
33:43 Elite Jarl
34:19 Fletching
35:13 Masonry
35:32 Siege Engineers
35:44 Guilds
37:57 Bodkin Arrow
38:34 Architecture
38:04 Murder Holes
38:23 Light Cavalry
39:08 Bracer
39:12 Hussar
42:33 Crop Rotation
[RAT] Spencer
8:07 Loom
11:01 Feudal Age
11:59 Town Watch
14:57 Castle Age
12:59 Double-Bit Axe
12:55 Horse Collar
16:07 Bow Saw
16:27 Heavy Plow
24:33 Wheelbarrow
24:13 Gold Mining
25:32 Stone Mining
26:20 Hand Cart
29:13 Imperial Age
27:31 Scale Mail Armor
27:42 Forging
27:14 Man-at-Arms
27:40 Gambesons
27:55 Squires
27:41 Arson
27:49 Guard Tower
28:03 Long Swordsman
29:01 Chain Mail Armor
28:41 Fletching
30:18 Iron Casting
29:34 Two-Handed Swordsman
30:46 Plate Mail Armor
31:12 Gold Shaft Mining
31:10 Crop Rotation
30:37 Bodkin Arrow
31:21 Ballistics
30:44 Champion
32:09 Bracer
33:30 Chemistry
33:11 Keep
33:43 Arrowslits
33:55 Murder Holes
34:23 Treadmill Crane
35:51 Masonry
35:11 Shield Wall
36:11 Conscription
35:30 Pikeman
36:35 Siege Engineers
36:20 Halberdier
37:17 Elite Varangian Guard
40:06 Architecture
39:54 Caravan
39:57 Capped Ram
41:31 Siege Ram
45:06 Caravan
45:45 Guilds
[RAT] Havik_AoE
8:18 Loom
10:30 Feudal Age
14:08 Castle Age
12:50 Double-Bit Axe
13:58 Horse Collar
17:35 Bow Saw
23:09 Wheelbarrow
23:12 Town Watch
23:33 Heavy Plow
24:17 Hand Cart
29:15 Imperial Age
29:03 Scale Mail Armor
29:13 Forging
30:02 Chain Mail Armor
29:58 Squires
29:43 Gambesons
29:44 Arson
29:41 Onager
30:55 Conscription
31:30 Conscription
31:14 Elite Varangian Guard
33:37 Plate Mail Armor
35:11 Chemistry
35:09 Iron Casting
34:32 Siege Onager
34:53 Pikeman
35:58 Halberdier
37:48 Blast Furnace
36:32 Northmen's Fury
41:00 Siege Engineers
45:38 Caravan
[RAT] G0rm
6:54 Loom
9:19 Feudal Age
10:42 Double-Bit Axe
13:53 Fletching
18:11 Wheelbarrow
22:04 Castle Age
24:22 Bow Saw
26:06 Hand Cart
27:56 Horse Collar
28:32 Town Watch
28:41 Town Watch
29:27 Stone Mining
29:31 Gold Mining
29:47 Town Patrol
34:29 Imperial Age
33:14 Scale Mail Armor
33:41 Forging
33:28 Bodkin Arrow
33:25 Guard Tower
33:38 Yasama
34:29 Chain Mail Armor
34:02 Treadmill Crane
33:56 Pikeman
34:37 Squires
34:23 Arson
36:18 Keep
35:29 Arrowslits
36:52 Chemistry
36:13 Ballistics
36:28 Gambesons
37:25 Plate Mail Armor
37:31 Iron Casting
36:31 Halberdier
37:51 Murder Holes
38:51 Bracer
40:35 Blast Furnace
41:22 Fortified Wall
41:26 Masonry
Connection lost

Rejoining the realm…

Still unreachable

The connection could not be restored.

Session expired

The server has moved on; the page needs a fresh start.